 Dungeon Crawl Stone Soup version 0.30.1-3-gfc49f6343a (webtiles) character file.

Game seed: 3534266515963706127

113908 Hank the Fighter (level 16, -5/98 (144) HPs)
             Began as a Minotaur Fighter on July 18, 2023.
             Was the Champion of Okawaru.
             Slain by a spriggan defender (illusionary)
             ... wielding a +5 flail of draining
              (11 damage)
             ... on level 2 of the Depths.
             The game lasted 02:23:55 (29811 turns).

Hank the Fighter (Minotaur Fighter)                Turns: 29811, Time: 02:23:55

HP:   -5/98 (144)   AC: 31    Str: 30    XL:     16   Next: 15%
MP:   21/21         EV: 20    Int:  5    God:    Okawaru [******]
Gold: 2600          SH:  0    Dex: 14    Spells: 15/15 levels left

rFire   + . .        O - +9 bardiche (freeze)
rCold   + + .        (shield currently unavailable)
rNeg    . . .        g - +8 chain mail {rC+}
rPois   .            (helmet unavailable)
rElec   .            M - +2 cloak "Etoil" {Str+3 Slay+3}
rCorr   .            h - +2 pair of gloves
SInv    .            i - +2 pair of boots {rampage}
Will    +....        A - amulet of regeneration Stlth
                     H - +5 ring of evasion
HPRegen 1.16/turn    t - ring of protection from fire
MPRegen 0.17/turn

%: rampage
@: about to teleport, very heavily drained
A: horns 3, retaliatory headbutt, thin skeletal structure 1, cold resistance 1
a: Renounce Religion, Heroism, Finesse, Duel


You were on level 2 of the Depths.
You worshipped Okawaru.
Okawaru was exalted by your worship.
You visited 5 branches of the dungeon, and saw 25 of its levels.
You also visited: Bailey and Gauntlet.

You collected 4322 gold pieces.
You spent 1722 gold pieces at shops.

Inventory:

Hand Weapons
 e - a +4 demon trident of electrocution
 D - the +5 demon whip "Spellbinder" {antimagic, disrupt, Will+}
   (Okawaru gifted it to you on level 1 of the Depths)

   Will:      It increases your willpower.
 L - a +0 dagger
 O - a +9 bardiche of freezing (weapon)
Missiles
 c - a throwing net (quivered)
 j - 2 boomerangs of dispersal
 r - 6 silver javelins
 v - 8 curare-tipped darts
 G - 3 stones
 P - 17 boomerangs
 Z - 20 javelins
Armour
 g - a +8 chain mail of cold resistance (worn)
 h - a +2 pair of gloves (worn)
 i - a +2 pair of boots of rampaging (worn)
 y - a +0 kite shield of protection
 J - a +0 troll leather armour
 M - the +2 cloak "Etoil" (worn) {Str+3 Slay+3}
   (You found it in a Gauntlet)

   Str:       It affects your strength (+3).
   Slay:      It affects your accuracy & damage with ranged weapons and melee
   (+3).
 N - a +0 robe
Jewellery
 n - a +6 ring of strength
 t - a ring of protection from fire (right hand)
 A - an amulet of regeneration (around neck)
 C - a ring of resist corrosion
 H - a +5 ring of evasion (left hand)
Wands
 o - a wand of flame (14)
 E - a wand of acid (13)
Scrolls
 a - 2 scrolls of teleportation
 b - 2 scrolls of magic mapping
 d - a scroll of silence
 k - 5 scrolls of poison
 q - 5 scrolls of fog
 B - 6 scrolls of identify
 I - a scroll of immolation
 K - 9 scrolls of fear
Potions
 f - 4 potions of mutation
 l - 3 potions of haste
 m - 8 potions of resistance
 p - 4 potions of lignification
 s - 6 potions of flight
 u - 2 potions of might
 w - a potion of ambrosia
 z - 9 potions of heal wounds
 F - 3 potions of cancellation
 T - 10 potions of curing
Miscellaneous
 x - a lightning rod (4/4)


   Skills:
 + Level 13.6 Fighting
 + Level 2.5 Maces & Flails
 + Level 13.3 Polearms
 + Level 11.1 Throwing
 + Level 13.5 Armour
 + Level 12.0 Dodging
 + Level 13.5 Shields
 + Level 9.3 Invocations
 + Level 8.6 Evocations


You had 15 spell levels left.
You didn't know any spells.
Your spell library contained the following spells:

 Spells                   Type           Power      Damage    Failure   Level
 Sting                    Tmut/Pois      0%         1d3       83%         1
 Lesser Beckoning         Tloc           0%         N/A       93%         2
 Poisonous Vapours        Pois/Air       0%         N/A       93%         2
 Sublimation of Blood     Necr           0%         N/A       93%         2
 Gell's Gravitas          Tloc           0%         N/A       99%         3
 Mephitic Cloud           Conj/Pois/Air  0%         N/A       99%         3
 Teleport Other           Tloc           0%         N/A       99%         3
 Olgreb's Toxic Radiance  Pois           0%         N/A       100%        4
 Petrify                  Tmut/Erth      0%         N/A       100%        4
 Blade Hands              Tmut           0%         N/A       100%        5
 Freezing Cloud           Conj/Ice/Air   0%         6-21      100%        5
 Irradiate                Conj/Tmut      0%         3d11      100%        5
 Dragon Form              Tmut           0%         N/A       100%        7
 Summon Ice Beast         Ice/Summ       Unusable   N/A       N/A         4
 Summon Mana Viper        Hex/Summ       Unusable   N/A       N/A         5
 Monstrous Menagerie      Summ           Unusable   N/A       N/A         7

Dungeon Overview and Level Annotations

Branches:
Dungeon (15/15)            Temple (1/1) D:7            Lair (5/5) D:9
  Swamp (0/4) Lair:3        Snake (0/4) Lair:3        Slime (0/5) Lair:4
    Orc (2/2) D:12            Elf (0/3) Orc:2        Vaults (0/5) D:14
 Depths (2/4) D:15         Bailey (visited)         Gauntlet (visited)

Altars:
Ashenzari
Cheibriados
Dithmenos
Elyvilon
Fedhas
Gozag
Hepliaklqana
Kikubaaqudgha
Makhleb
Nemelex Xobeh
Okawaru
Qazlal
Ru
Sif Muna
Trog
Uskayaw
Vehumet
Wu Jian
Xom
Yredelemnul
Zin
The Shining One
Jiyva
Lugonu

Shops:
D:2 !   D:3 *   D:6 (   D:7 (   D:8 (   D:12 *   Orc:2 !?:(

Portals:
Hell: Depths:1 Depths:2
Abyss: Lair:5 Depths:1
Pandemonium: Orc:2


Innate Abilities, Weirdness & Mutations

You have a pair of large horns on your head.
You reflexively headbutt those who attack you in melee.
You have a somewhat thin skeletal structure. (Dex +2, Stealth+)
Your flesh is cold resistant. (rC+)


Message History

You feel drained.
As you read the scroll of fear, it crumbles to dust.
You assume a fearsome visage.
The rakshasa resists with almost no effort.
The spriggan defender resists with almost no effort. x2
The spriggan defender barely misses you.
The spriggan defender hits you with a +5 flail of draining.
You feel drained.
The spriggan defender hits you with a +5 flail of draining.
You feel drained.
The rakshasa weaves an illusion.
The spriggan defender shimmers and seems to become two!
The spriggan defender hits you but does no damage.
You feel drained.
As you read the scroll of teleportation, it crumbles to dust.
You feel strangely unstable. The spriggan defender misses you.
The spriggan defender hits you with a +5 flail of draining!!
* * * LOW HITPOINT WARNING * * *
You feel drained.
* * * LOW HITPOINT WARNING * * *
The spriggan defender hits you but does no damage.
You feel drained.
Unknown command.
The spriggan defender hits you but does no damage.
You feel drained.
The spriggan defender hits you with a +5 flail of draining!
* * * LOW HITPOINT WARNING * * *
You feel drained.
The spriggan defender hits you but does no damage.
You feel drained.
The spriggan defender hits you but does no damage.
You feel drained.
The spriggan defender hits you with a +5 flail of draining.
* * * LOW HITPOINT WARNING * * *
You feel drained.
* * * LOW HITPOINT WARNING * * *
The rakshasa blinks!
The spriggan defender attacks as you move away!
The spriggan defender hits you with a +5 flail of draining!
You die...

.# ...#.# ###
#..##.#..#.. .#. #..
#.##...#######...# #..
#.####...i..ยง####
.##.######......@i.(.....
....##...........i.......
###...........#######....
...........#### #.!
############ #


You could see 3 spriggan defenders.

Vanquished Creatures
  Rupert (D:12)
  Jorgrun (D:13)
  A caustic shrike zombie (Depths:2)
  3 stone giants (Depths:1)
  A vampire knight (Depths:1)
  A minotaur (Gauntlet)
  A dire elephant (D:15)
  A merfolk javelineer (Depths:1)
  An ettin (Depths:1)
  An ice dragon (Depths:1)
  2 fire dragons (Depths:1)
  Josephine (D:11)
  2 vault guards (D:14)
  7 hydras
  A demonspawn (Orc:2)
  Erica (Lair:2)
  An ogre mage (D:15)
  A centaur warrior (D:8)
  2 catoblepae
  10 two-headed ogres
  5 boulder beetles
  2 death yaks (Lair:3)
  5 deep troll shamans
  A deep troll earth mage (Depths:1)
  4 orc high priests (Orc:2)
  Urug (D:10)
  3 thrashing horrors (Lair:5)
  Sonja (D:11)
  A skyshark (Lair:3)
  A skeletal warrior (D:9)
  3 deep trolls
  Lodul (D:13)
  A spark wasp zombie (Depths:2)
  A glowing orange brain (Depths:1)
  3 deep elf pyromancers
  A necromancer (Depths:2)
  A harpy (shapeshifter) (Lair:5)
  7 orc knights
  8 orc sorcerers
  The ghost of Graphine the Covered, a novice BaFi (D:5)
  A wolf spider (Lair:2)
  9 ugly things
  3 cyclopes
  A fire giant zombie (Depths:2)
  A salamander (D:15)
  3 manticores
  2 torpor snails
  2 molten gargoyles (Gauntlet)
  4 black mambas
  3 elephants
  A fire giant skeleton (Depths:2)
  2 smoke demons
  An orange demon (Orc:2)
  3 gargoyles
  9 cane toads
  A hellion (Gauntlet)
  3 rime drakes
  9 komodo dragons
  3 kobold demonologists
  An ice devil (Orc:2)
  An unseen horror (D:11)
  An ancient zyme (Lair:4)
  A freezing wraith (D:14)
  2 tengu conjurers (Depths:1)
  A yaktaur (shapeshifter) (D:14)
  A hellwing (Orc:2)
  2 red devils (Orc:2)
  3 polar bears
  A merfolk (D:15)
  9 trolls
  A hornet (shapeshifter) (D:15)
  Grinder (D:4)
  30 blink frogs
  10 dream sheep
  12 slime creatures
  A culicivora (D:8)
  2 water elementals
  Sigmund (D:4)
  A shadow (D:10)
  26 yaks
  2 spriggans (Lair:5)
  A vampire (D:11)
  A ynoxinul (Lair:5)
  6 wraiths
  A yak (shapeshifter) (D:12)
  2 large abominations (Lair:5)
  5 wyverns
  4 chaos spawn (Lair:5)
  A golden eye (shapeshifter) (D:9)
  9 humans (D:14)
  5 vampire mosquitoes
  The ghost of zxspectator the Shield-Bearer, an amateur FoFi (D:4)
  6 basilisks
  A neqoxec (Orc:2)
  A human zombie (Depths:2)
  Menkaure (D:6)
  3 steam dragons
  Edmund (D:6)
  A naga (Lair:3)
  16 water moccasins
  7 wargs
  A hell hound (Gauntlet)
  A sky beast (D:4)
  36 orc warriors
  5 ice beasts
  21 wolves
  13 ogres
  4 centaurs
  A phantom (D:5)
  2 kobold brigands (D:9)
  5 gnoll sergeants
  5 scorpions
  13 bullfrogs
  A scorpion (shapeshifter) (D:13)
  15 wights
  10 killer bees
  The ghost of crompyre the Firebug, a weakling NaFE (D:3)
  5 electric eels (Lair:3)
  8 howler monkeys
  8 small abominations (Lair:5)
  4 hounds
  A gnoll bouda (D:8)
  26 orc priests
  3 jellies
  4 iguanas
  24 orc wizards
  19 hell rats
  18 gnolls
  6 adders
  A white imp (D:5)
  An ufetubus (D:6)
  2 worms (D:3)
  100 orcs
  9 endoplasms
  4 giant cockroaches
  6 goblins
  9 hobgoblins
  4 jackals (D:3)
  5 quokkas
  9 ball pythons
  7 bats
  4 frilled lizards
  13 kobolds
  4 rats
773 creatures vanquished.

Vanquished Creatures (collateral kills)
  An elephant (Lair:3)
  A komodo dragon (Lair:3)
2 creatures vanquished.

Vanquished Creatures (others)
  2 humans
2 creatures vanquished.

Grand Total: 777 creatures vanquished

Notes
Turn   | Place    | Note
-------+----------+-------------------------------------------
     0 | D:1      | Hank the Minotaur Fighter began the quest for the Orb.
     0 | D:1      | Reached XP level 1. HP: 19/19 MP: 0/0
   138 | D:1      | Reached XP level 2. HP: 27/27 MP: 1/1
   800 | D:1      | Reached skill level 1 in Dodging
  1097 | D:2      | Reached XP level 3. HP: 33/33 MP: 2/2
  1259 | D:2      | Reached skill level 1 in Throwing
  1388 | D:2      | Found Xieruzunn's Distillery.
  2069 | D:3      | Reached XP level 4. HP: 40/40 MP: 3/3
  2209 | D:3      | Found a runed translucent door.
  2432 | D:3      | Noticed crompyre's ghost (weakling NaFE)
  2442 | D:3      | Reached XP level 5. HP: 41/47 MP: 4/4
  2456 | D:3      | Killed crompyre's ghost
  2560 | D:3      | Found Gozag's Platinum Reserve.
  2665 | D:3      | Found an opulent altar of Gozag.
  3214 | D:3      | Identified a scroll of acquirement
  3214 | D:3      | Acquired 402 gold pieces
  3293 | D:4      | Noticed a sky beast
  3304 | D:3      | Reached XP level 6. HP: 37/53 MP: 5/5
  3412 | D:4      | Killed a sky beast
  3487 | D:4      | Reached skill level 5 in Fighting
  3548 | D:4      | Reached skill level 5 in Shields
  3883 | D:4      | Reached skill level 5 in Armour
  3883 | D:4      | Reached XP level 7. HP: 61/61 MP: 6/6
  4039 | D:4      | Noticed Sigmund
  4059 | D:4      | Killed Sigmund
  4245 | D:4      | Found a runed translucent gate.
  4246 | D:4      | Found a runed translucent gate.
  4247 | D:4      | Found a runed translucent gate.
  4248 | D:4      | Noticed zxspectator's ghost (amateur FoFi)
  4270 | D:4      | Killed zxspectator's ghost
  4474 | D:5      | Entered Level 5 of the Dungeon
  4474 | D:5      | Noticed Grinder
  4482 | D:4      | Paralysed by Grinder for 3 turns
  4486 | D:4      | Killed Grinder
  4487 | D:4      | Reached skill level 5 in Polearms
  4487 | D:4      | Reached XP level 8. HP: 47/70 MP: 7/7
  4653 | D:5      | Found an ancient bone altar of Kikubaaqudgha.
  4823 | D:5      | Found a transporter.
  4823 | D:5      | Noticed Graphine's ghost (novice BaFi)
  4827 | D:5      | Found a transporter.
  4989 | D:5      | Found a large runed translucent door.
  4990 | D:5      | Found a large runed translucent door.
  5021 | D:5      | Found a burning altar of Makhleb.
  5100 | D:5      | Found a snail-covered altar of Cheibriados.
  5775 | D:6      | Noticed Edmund
  5783 | D:6      | Killed Edmund
  6034 | D:6      | Noticed Menkaure
  6040 | D:6      | Killed Menkaure
  6041 | D:6      | Reached skill level 5 in Dodging
  6041 | D:6      | Reached XP level 9. HP: 78/78 MP: 8/8
  6189 | D:6      | Found Uziegoco's Antique Weapon Emporium.
  6199 | D:6      | Bought a faintly glowing morningstar for 198 gold pieces
  6199 | D:6      | Identified the +2 morningstar "Heitujoy" {holy, Int+4} (You
                  | bought it in a shop on level 6 of the Dungeon)
  6496 | D:6      | Noticed Maggie
  6500 | D:6      | Maggie changed into Maggie the water moccasin
  6500 | D:6      | Noticed Maggie
  6507 | D:6      | Killed Maggie the water moccasin
  6586 | D:6      | Found a shadowy altar of Dithmenos.
  6963 | D:7      | Reached skill level 5 in Throwing
  7053 | D:7      | Found an iron altar of Okawaru.
  7060 | D:7      | Became a worshipper of Warmaster Okawaru
  7096 | D:7      | Found a staircase to the Ecumenical Temple.
  7110 | Temple   | Entered the Ecumenical Temple
  7492 | D:7      | Found Qishupt's Hydra Hut.
  7496 | D:7      | Noticed a seven-headed hydra
  7690 | D:8      | Found Singiptet's Weapon Shop.
  7768 | D:8      | Found a flagged portal.
  7827 | Bailey   | Entered a bailey
  8289 | Bailey   | Reached * piety under Okawaru
  8571 | D:8      | Reached XP level 10. HP: 70/86 MP: 9/9
  9726 | D:9      | Noticed a skeletal warrior
  9726 | D:9      | Noticed a manticore
  9742 | D:9      | Killed a skeletal warrior
  9742 | D:9      | Reached ** piety under Okawaru
  9743 | D:9      | Reached skill level 1 in Invocations
  9743 | D:9      | Reached skill level 1 in Evocations
  9828 | D:9      | Noticed an eight-headed hydra
  9947 | D:9      | Noticed a boulder beetle
  9992 | D:9      | Killed a boulder beetle
 10062 | D:9      | Identified the +0 helmet "Cuanesatz" {rElec rPois}
 10109 | D:9      | Noticed a manticore
 10117 | D:9      | Reached *** piety under Okawaru
 10119 | D:9      | Killed a manticore
 10156 | D:9      | a tyrant leech changed into an ice dragon
 10156 | D:9      | Noticed an ice dragon (shapeshifter)
 10160 | D:9      | Noticed a two-headed ogre
 10171 | D:9      | an ice dragon changed into a fire dragon
 10171 | D:9      | Noticed a fire dragon (shapeshifter)
 10250 | D:9      | Noticed a green ugly thing
 10255 | D:8      | Killed a manticore
 10363 | D:9      | a two-headed ogre changed into a culicivora
 10512 | D:9      | Killed a green ugly thing
 10557 | D:9      | Noticed a centaur warrior
 10563 | D:8      | Killed a centaur warrior
 10563 | D:8      | Reached **** piety under Okawaru
 10563 | D:8      | Received a gift from Okawaru
 10564 | D:8      | Reached XP level 11. HP: 60/97 MP: 11/11
 10897 | D:9      | Found a staircase to the Lair.
 10911 | D:9      | Noticed a skyshark
 10914 | D:9      | a skyshark changed into a shapeshifter
 11117 | D:9      | Noticed a two-headed ogre
 11125 | D:9      | Killed a two-headed ogre
 11150 | D:9      | Received a gift from Okawaru
 11477 | D:9      | Killed an eight-headed hydra
 11670 | Lair:1   | Entered Level 1 of the Lair of Beasts
 11879 | Lair:1   | Received a gift from Okawaru
 12499 | Lair:2   | Reached ***** piety under Okawaru
 12609 | Lair:2   | Noticed Erica
 12617 | Lair:2   | Killed Erica
 12617 | Lair:2   | Received a gift from Okawaru
 12739 | Lair:2   | Noticed a wolf spider
 12744 | Lair:2   | Killed a wolf spider
 12744 | Lair:2   | Received a gift from Okawaru
 12745 | Lair:2   | Reached XP level 12. HP: 101/106 MP: 14/14
 12980 | Lair:2   | Reached skill level 10 in Fighting
 13019 | Lair:2   | Received a gift from Okawaru
 13020 | Lair:2   | Reached skill level 10 in Armour
 13441 | Lair:2   | Gained mutation: You have a pair of large horns on your
                  | head. [potion of mutation]
 13441 | Lair:2   | Gained mutation: Your flesh is cold resistant. (rC+)
                  | [potion of mutation]
 13441 | Lair:2   | Gained mutation: You have a somewhat thin skeletal
                  | structure. (Dex +2, Stealth+) [potion of mutation]
 13619 | Lair:3   | Reached skill level 10 in Shields
 13687 | Lair:3   | Found a staircase to the Swamp.
 13735 | Lair:3   | Noticed an eight-headed hydra
 13748 | Lair:3   | Killed an eight-headed hydra
 13803 | Lair:3   | Reached skill level 5 in Invocations
 13806 | Lair:3   | Received a gift from Okawaru
 13811 | Lair:3   | Reached skill level 10 in Polearms
 13875 | Lair:3   | Found a staircase to the Snake Pit.
 14129 | Lair:3   | Noticed a death yak
 14130 | Lair:3   | Noticed a death yak
 14139 | Lair:3   | Killed a death yak
 14140 | Lair:3   | Reached skill level 5 in Evocations
 14143 | Lair:3   | Killed a death yak
 14553 | Lair:4   | You fall into a shaft and drop 1 floor!
 14553 | Lair:5   | Entered Level 5 of the Lair of Beasts
 14755 | Lair:5   | Reached XP level 13. HP: 115/115 MP: 16/16
 15049 | Lair:5   | Received a gift from Okawaru
 15770 | Lair:4   | Identified the +6 rapier of Zunaeb {holy, rF+ rC- MP+9
                  | Str+5}
 16097 | Lair:4   | Found a runed translucent door.
 16097 | Lair:4   | Found a viscous altar of Jiyva.
 16111 | Lair:4   | Found a staircase to the Slime Pits.
 16505 | Lair:5   | Reached skill level 10 in Dodging
 16902 | Lair:5   | Reached ****** piety under Okawaru
 17007 | Lair:5   | Found a corrupted altar of Lugonu.
 17007 | Lair:5   | Found a one-way gate to the infinite horrors of the Abyss.
 17105 | Lair:5   | Reached XP level 14. HP: 125/125 MP: 18/18
 17281 | Lair:5   | Received a gift from Okawaru
 17373 | Lair:5   | Identified the amulet of Xalleg {Acrobat -Cast Str+5 Dex+4}
 17643 | D:10     | Entered Level 10 of the Dungeon
 17643 | D:10     | Found Jupnoth's Armour Emporium.
 17924 | D:10     | Noticed Urug
 17933 | D:10     | Killed Urug
 17981 | D:10     | Received a gift from Okawaru
 18723 | D:11     | Noticed Sonja
 18734 | D:11     | Killed Sonja
 18734 | D:11     | Received a gift from Okawaru
 18963 | D:11     | Noticed Josephine
 18967 | D:11     | Killed Josephine
 19641 | D:12     | Noticed Rupert
 19651 | D:11     | Received a gift from Okawaru
 19680 | D:12     | Killed Rupert
 19885 | D:12     | Received a gift from Okawaru
 19935 | D:12     | Found a staircase to the Orcish Mines.
 20079 | D:12     | Found Ript's Assorted Antiques.
 20366 | D:13     | Noticed Lodul
 20714 | D:13     | Noticed Jorgrun
 20756 | D:13     | Killed Jorgrun
 21428 | D:13     | Killed Lodul
 21429 | D:13     | Reached skill level 10 in Throwing
 21689 | D:14     | Found a sparkling altar of Nemelex Xobeh.
 21845 | D:14     | Found a gate leading to a gauntlet.
 21862 | Gauntlet | Entered a Gauntlet
 21862 | Gauntlet | Found a transporter.
 21862 | Gauntlet | Found a transporter.
 21878 | Gauntlet | Found a transporter.
 21882 | Gauntlet | Found a transporter.
 21898 | Gauntlet | Found a transporter.
 21926 | Gauntlet | Found a transporter.
 21938 | Gauntlet | Found a transporter.
 21946 | Gauntlet | Found a transporter.
 21966 | Gauntlet | Found a transporter.
 21972 | Gauntlet | Found a transporter.
 21990 | Gauntlet | Found a transporter.
 22017 | Gauntlet | Found a transporter.
 22187 | Gauntlet | Identified the +2 cloak "Etoil" {Str+3 Slay+3}
 22312 | Gauntlet | Identified the staff of fire "Ramekec" {rF+ rN++ Will-
                  | Dex+4}
 22431 | D:14     | Found a gate to the Vaults.
 22948 | D:14     | Received a gift from Okawaru
 22956 | D:14     | Reached XP level 15. HP: 63/134 MP: 20/20
 23426 | D:15     | Entered Level 15 of the Dungeon
 23583 | D:15     | Found a staircase to the Depths.
 24802 | D:2      | Bought a potion of curing for 33 gold pieces
 24802 | D:2      | Bought a potion of flight for 33 gold pieces
 24802 | D:2      | Bought a potion of curing for 33 gold pieces
 25093 | D:5      | Killed Graphine's ghost
 25093 | D:5      | Received a gift from Okawaru
 25461 | D:12     | Bought a scroll of enchant armour for 247 gold pieces
 25525 | Orc:1    | Entered Level 1 of the Orcish Mines
 25798 | Orc:1    | Reached skill level 1 in Maces & Flails
 26357 | Orc:2    | Entered Level 2 of the Orcish Mines
 26508 | Orc:2    | Found a staircase to the Elven Halls.
 27003 | Orc:2    | Found Jurob's Distillery.
 27004 | Orc:2    | Found Woasalas's Magic Scroll Shoppe.
 27078 | Orc:2    | Bought a scroll of acquirement for 676 gold pieces
 27078 | Orc:2    | Bought a scroll of fear for 52 gold pieces
 27080 | Orc:2    | Bought a potion of heal wounds for 75 gold pieces
 27080 | Orc:2    | Bought a potion of resistance for 150 gold pieces
 27080 | Orc:2    | Bought a potion of haste for 150 gold pieces
 27080 | Orc:2    | Bought a potion of heal wounds for 75 gold pieces
 27367 | Orc:2    | Received a gift from Okawaru
 27436 | Orc:2    | Found Yrange's Book Shop.
 27436 | Orc:2    | Found a one-way gate leading to the halls of Pandemonium.
 27436 | Orc:2    | Found Maptooh's Antique Weapon Boutique.
 27439 | Orc:2    | Paralysed by an orc sorcerer for 3 turns
 27671 | Orc:1    | Acquired 503 gold pieces
 28614 | Depths:1 | Entered Level 1 of the Depths
 28643 | Depths:1 | Received a gift from Okawaru
 28643 | Depths:1 | Found the +5 demon whip "Spellbinder" {antimagic, disrupt,
                  | Will+}
 28724 | Depths:1 | Found a gateway to Hell.
 28971 | Depths:1 | Reached XP level 16. HP: 137/144 MP: 19/21
 29061 | Depths:1 | Found an ancient bone altar of Kikubaaqudgha.
 29161 | Depths:1 | Found a broken altar of Ashenzari.
 29163 | Depths:1 | Found an opulent altar of Gozag.
 29163 | Depths:1 | Found a shimmering altar of Xom.
 29165 | Depths:1 | Found a shadowy altar of Dithmenos.
 29165 | Depths:1 | Found an iron altar of Okawaru.
 29165 | Depths:1 | Found a burning altar of Makhleb.
 29472 | Depths:2 | Received a gift from Okawaru
 29811 | Depths:2 | Slain by a spriggan defender (illusionary)

Illustrated notes

Levels and vault maps discovered:
D:1:      dpeg_arrival_lava_temple_mockup, layout_basic
D:2:      minmay_door_path, layout_loops_ring, serial_shops,
          nicolae_shop_industrial_runoff
D:3:      layout_loops_cross, nicolae_gozag_zags_fifth_avenue,
          ebering_ghost_sewer_d, chequers_serial_rivers_micro_c,
          chequers_serial_rivers_large_a
D:4:      layout_loops_ring, ebering_ghost_rock_garden, dreamdust_wishing_well,
          uniq_sigmund
D:5:      layout_loops_ring, jmf_multi_god_temple2, tgw_kikubaaqudgha,
          gammafunk_ghost_smash, nicolae_figureground_pulse, uniq_grinder
D:6:      layout_loops_ring, nicolae_dithmenos_through_a_glass_darkly,
          serial_shops, nicolae_diamond_shop, chequers_arboretum, uniq_maggie,
          uniq_menkaure, uniq_edmund
D:7:      layout_rooms, nicolae_overflow_crystal_walls,
          minmay_temple_entry_statues_fountains, doesnt_shop_hydraphobe
D:8:      layout_loops_cross, serial_shops, shop, enter_bailey_4,
          nicolae_concentric_dashed_squares_mild,
          hangedman_abyss_or_decor_passed, grunt_ministairs_13
D:9:      minmay_the_grid_four_pointed_star
          [minmay_the_grid_triangle_9x9_warning,
          minmay_the_grid_triangle_9x9_empty,
          minmay_the_grid_triangle_9x9_checkered,
          minmay_the_grid_triangle_9x9_cache, minmay_the_grid_prize_big_room],
          layout_irregular_city, dpeg_oklobed_lair
D:10:     layout_loops_ring, serial_shops, shop, amethyst_killhole,
          minmay_fractal_squares_5, uniq_urug
D:11:     layout_basic, uniq_josephine, uniq_sonja
D:12:     layout_cave_pools, orc_0_dummy, serial_shops,
          nicolae_shop_tiny_waterfront, uniq_rupert
D:13:     layout_cave_pods, hex_medium, uniq_jorgrun, uniq_lodul
D:14:     layout_roguey, ximxim_vaults_locker_room, serial_aquarium,
          aquarium_bridge_square [aquarium_subvault_wall,
          aquarium_subvault_bridge, aquarium_subvault_wall,
          aquarium_subvault_window], aquarium_bridge_square
          [aquarium_subvault_window, aquarium_subvault_window,
          aquarium_subvault_balcony, aquarium_subvault_bridge],
          aquarium_window_fake, aquarium_window_1, aquarium_window_fake,
          aquarium_view_2c, aquarium_view_2d, gauntlet_entry_generic,
          nemelex_xobeh_ov_fountains_minmay
D:15:     hangedman_depths_entry_try_elsewhere_first, layout_loops_cross,
          ebering_dispersal_statue_hall
Temple:   lightli_temple_of_artemis
Lair:1:   layout_small_grid, nicolae_lair_grove_arrangements, grunt_megastairs_1
Lair:2:   layout_roguey, serial_forest, infiniplex_forest_end_1,
          infiniplex_forest_clump_long, infiniplex_forest_clump_curved,
          infiniplex_forest_lined_corner, infiniplex_forest_fountain,
          infiniplex_forest_clump_curved, nicolae_lair_run_with_the_wolves,
          serial_bayou_shore_a, serial_bayou_shore_b, serial_bayou_shore_b,
          uniq_erica
Lair:3:   layout_roguey, minmay_swamp_entry_eels, guppyfry_snake_entry_garden,
          st_stairs_4
Lair:4:   layout_layer_cave, slime_entry_2, infiniplex_staircase_pool_2
Lair:5:   hellmonk_lair_end_abyssal_woods, layout_loops_ring,
          guppyfry_lair_drakes, grunt_megastairs_2, lemuel_fruit_tree
Orc:1:    cheibrodos_orc_guarddog, layout_caves
Orc:2:    pf_orc_diabolical, layout_caves
Depths:1: layout_cave_pools, abyss_entry_glasseish, kiku_gazebo_garden_becter,
          hell_entry, doesnt_xom_only_xom
Depths:2: minmay_ornate_pinched, layout_gridlike, enter_ziggurat_b,
          rand_demon_pan_entry_3, hell_entry, kennysheep_small_spiral,
          nicolae_qazlal_eye_of_the_storm

Skill      XL: |  1  2  3  4  5  6  7  8  9 10 11 12 13 14 15 16 |
---------------+-------------------------------------------------+-----
Fighting       | 4 5 6 8 9 10 11 12 13 | 13.6
Dodging        | 1 2 3 5 6 7 8 9 10 11 12 | 12.0
Polearms       | 3 4 5 6 7 8 9 10 11 12 13 | 13.3
Throwing       | 1 2 3 4 5 6 7 8 9 10 11 | 11.1
Shields        | 4 5 6 7 8 9 10 11 12 13 | 13.5
Armour         | 4 5 6 7 8 9 10 11 12 13 | 13.5
Invocations    | 2 4 5 7 8 9 |  9.3
Evocations     | 2 4 5 6 7 8 |  8.6
Maces & Flails | 2 |  2.5

Action                     |  1- 3 |  4- 6 |  7- 9 | 10-12 | 13-15 | 16-18 || total
---------------------------+-------+-------+-------+-------+-------+-------++-------
  Melee: Trident           |   106 |   108 |    15 |       |       |       ||   229
         Headbutt          |     7 |    21 |    55 |    87 |   140 |    14 ||   324
         Halberd           |       |       |   256 |   111 |       |       ||   367
         Bardiche          |       |       |       |   321 |   741 |    47 ||  1109
  Throw: Stone             |    22 |     5 |    24 |     2 |       |       ||    53
         Throwing net      |       |     1 |     1 |       |       |     1 ||     3
         Boomerang         |       |       |     4 |    77 |   236 |    12 ||   329
         Javelin           |       |       |    25 |     9 |    13 |       ||    47
         Dart              |       |       |       |    13 |     1 |       ||    14
 Invoke: Heroism           |       |       |       |     2 |     7 |       ||     9
  Evoke: Wand              |       |       |     6 |    16 |    54 |       ||    76
         Lightning rod     |       |       |       |       |    16 |       ||    16
    Use: Scroll            |     7 |     5 |     4 |    22 |    15 |     2 ||    55
         Potion            |       |       |     1 |     2 |     3 |       ||     6
   Stab: Distracted        |       |       |       |     1 |       |       ||     1
 Armour: Scale mail        |    34 |    35 |    37 |       |       |       ||   106
         Chain mail        |       |       |   100 |   285 |   438 |    46 ||   869
  Dodge: Dodged            |    28 |    42 |   241 |   476 |   781 |    51 ||  1619
  Block: Buckler           |    13 |    21 |     1 |       |       |       ||    35
